 Dungeon Crawl Stone Soup version 0.27.1 (webtiles) character file.

Game seed: 4053890543287129679

2345 GGreaSS the Covert (level 9, -5/49 (51) HPs)
             Began as a Kobold Enchanter on Aug 30, 2021.
             Was a Follower of Wu Jian.
             Slain by a two-headed ogre (14 damage)
             ... on level 7 of the Dungeon.
             The game lasted 01:01:54 (10435 turns).

GGreaSS the Covert (Kobold Enchanter)              Turns: 10435, Time: 01:01:57

HP:   -5/49 (51)    AC:  6    Str:  7    XL:     9   Next: 71%
MP:   5/18          EV: 16    Int: 16    God:    Wu Jian [*.....]
Gold: 32            SH:  0    Dex: 17    Spells: 8/20 levels left

rFire    . . .     SeeInvis .   a - +2 dagger
rCold    + + .     Faith    .   (shield restricted)
rNeg     . . .     Spirit   .   H - +2 robe {Will+}
rPois    .         Reflect  .   l - +0 helmet
rElec    .         Harm     .   (no cloak)
rCorr    .         Rampage  .   d - +0 pair of gloves
Will     +....                  (no boots)
Stlth    +++++.....             (no amulet)
HPRegen  0.16/turn              y - ring of protection from cold
MPRegen  0.16/turn              c - ring of protection from cold

@: brilliant, very slightly contaminated, lightly drained
A: small, no large weapons, nightstalker 3
a: Renounce Religion


You were on level 7 of the Dungeon.
You worshipped Wu Jian.
Wu Jian was aware of your devotion.
You visited 2 branches of the dungeon, and saw 8 of its levels.

You collected 241 gold pieces.
You spent 209 gold pieces at shops.

Inventory:

Hand Weapons
 a - a +2 dagger (weapon)
 b - a +3 short sword of holy wrath
 p - a +0 shortbow
 q - a +0 hunting sling
 z - a +3 trident
 D - a +3 long sword of electrocution
Missiles
 f - 55 poisoned darts (quivered)
 n - 110 arrows
 w - 18 bolts
 B - 60 sling bullets
Armour
 d - a +0 pair of gloves (worn)
 l - a +0 helmet (worn)
 H - a +2 robe of willpower (worn)
Jewellery
 c - a ring of protection from cold (right hand)
 y - a ring of protection from cold (left hand)
 G - a ring of fire
Wands
 E - a wand of digging (4)
Scrolls
 m - 3 scrolls of noise
 o - a scroll of magic mapping {unknown}
 r - a scroll of summoning {unknown}
 u - a scroll of fear {unknown}
 A - a scroll of teleportation {unknown}
 C - a scroll of silence {unknown}
Potions
 e - 2 potions of haste
 g - a potion of mutation {unknown}
 h - 3 potions of curing
 i - 4 potions of berserk rage
 k - 2 potions of heal wounds
 s - 3 potions of cancellation
 x - a potion of degeneration {unknown}
 F - a potion of flight {unknown}


   Skills:
 + Level 3.3 Fighting
 + Level 3.9 Short Blades
 + Level 2.5 Throwing
 - Level 2.0 Armour
 - Level 4.0 Dodging
 * Level 8.3 Stealth
 + Level 6.0 Spellcasting
 + Level 1.5 Conjurations
 + Level 6.3 Hexes
 - Level 4.0 Ice Magic


You had 8 spell levels left.
You knew the following spells:

 Your Spells              Type           Power      Damage    Failure   Level
d - Tukima's Dance        Hex            37%        N/A       3%          3
f - Dazzling Flash        Conj/Hex       52%        N/A       9%          3
l - Ensorcelled Hibernat  Hex/Ice        62%        N/A       2%          2
o - Confusing Touch       Hex            37%        N/A       3%          3
p - Corona                Hex            41%        N/A       1%          1

Your spell library contained the following spells:

 Spells                   Type           Power      Damage    Failure   Level
 Portal Projectile        Hex/Tloc       44%        N/A       12%         3
 Mephitic Cloud           Conj/Pois/Air  9%         N/A       32%         3
 Gell's Gravitas          Tloc           3%         N/A       38%         3
 Ignite Poison            Fire/Tmut/Pois 7%         N/A       38%         3
 Lesser Beckoning         Tloc           3%         N/A       38%         3
 Teleport Other           Tloc           7%         N/A       38%         3
 Bolt of Magma            Conj/Fire/Erth 4%         4d5       97%         5
 Blade Hands              Tmut           3%         N/A       98%         5
 Excruciating Wounds      Necr           3%         N/A       98%         5
 Summon Forest            Summ/Tloc      3%         N/A       98%         5
 Eringya's Noxious Bog    Tmut/Pois      3%         N/A       100%        6
 Summon Hydra             Summ           3%         N/A       100%        7


Dungeon Overview and Level Annotations

Branches:
Dungeon (7/15)             Temple (1/1) D:4

Altars:
Ashenzari
Cheibriados
Dithmenos
Elyvilon
Fedhas
Gozag
Hepliaklqana
Kikubaaqudgha
Makhleb
Nemelex Xobeh
Okawaru
Qazlal
Ru
Sif Muna
Trog
Uskayaw
Vehumet
Wu Jian
Xom
Yredelemnul
Zin
The Shining One

Shops:
D:2 !   D:5 !

Annotations:
D:4 Dowan, Duvessa
D:7 Joseph


Innate Abilities, Weirdness & Mutations

You are small and have problems with some larger weapons.
You are completely attuned to the shadows.


Message History

Aiming: Tukima's Dance (dangerous; 3% risk of failure)
Press: ? - help, Shift-Dir - straight line, f/p - two-headed ogre
Aim: a two-headed ogre, wielding a +0 giant club and a +0 giant spiked club (chance to affect: 58%)
You feel a surge of power!
The two-headed ogre resists with significant effort.
The two-headed ogre hits you with a +0 giant club!
The two-headed ogre hits you with a +0 giant spiked club!
Casting: Tukima's Dance (dangerous; 3% risk of failure)
Confirm with . or Enter, or press ? or * to list all spells.
Aiming: Tukima's Dance (dangerous; 3% risk of failure)
Press: ? - help, Shift-Dir - straight line, f/p - two-headed ogre
Aim: a two-headed ogre, wielding a +0 giant club and a +0 giant spiked club (chance to affect: 58%)
You feel a surge of power!
The +0 giant club dances into the air!
The two-headed ogre wields a +0 giant spiked club.
The two-headed ogre barely misses you.
The two-headed ogre completely misses you.
Casting: Tukima's Dance (dangerous; 3% risk of failure)
Confirm with . or Enter, or press ? or * to list all spells.
Aiming: Tukima's Dance (dangerous; 3% risk of failure)
Press: ? - help, Shift-Dir - straight line, f/p - two-headed ogre
Aim: a two-headed ogre, wielding a +0 giant spiked club (ally target, chance to affect: 58%)
You feel a surge of power!
The two-headed ogre resists with significant effort.
The two-headed ogre hits you with a +0 giant spiked club!!
* * * LOW HITPOINT WARNING * * *
The two-headed ogre barely misses you.
You feel much better.
Casting: Tukima's Dance (dangerous; 3% risk of failure)
Confirm with . or Enter, or press ? or * to list all spells.
You feel a surge of power!
Your hands begin to glow red.
The two-headed ogre hits you with a +0 giant spiked club!!
The two-headed ogre hits you with a +0 giant spiked club.
Your +0 giant club hits the two-headed ogre!!
You hit the two-headed ogre but do no damage.
The two-headed ogre appears confused.
The two-headed ogre is heavily wounded.
The two-headed ogre hits you with a +0 giant spiked club!
* * * LOW HITPOINT WARNING * * *
The two-headed ogre hits you with a +0 giant spiked club!
You die...

###..#######.##
#....'....#...#
#...<#....#...# .
+....#....#..#######..
#....#....#..#......##+
#....#....#..'....#....
#....##..##..#....#....
########..##'##....#....
#.....O@......+....'....
#.....(.......#....#....
..##..#..#'######....##...
.....###.....)....#+###...
....## ##.........#.......
.... #.....))...#...>...
..#. ##.#.......#..##...
.### ####..#####..##...
.W.....# ##.........#...


You could see a two-headed ogre (confused, ally target) and a friendly +0 giant
club.

Vanquished Creatures
  2 ice beasts
  2 black bears (D:5)
  A hornet zombie (D:5)
  A necrophage (D:4)
  An ogre (D:6)
  2 centaurs (D:5)
  A phantom (D:3)
  A kobold brigand (D:7)
  A bullfrog (D:6)
  2 scorpions
  7 wights
  5 orc priests
  3 hounds
  A gnoll shaman (D:6)
  A jelly (D:7)
  5 iguanas
  4 orc wizards
  A scorpion zombie (D:5)
  Robin (D:4)
  8 gnolls (D:6)
  8 adders
  A white imp (D:7)
  3 worms
  3 dart slugs
  19 orcs
  4 bats
  8 endoplasms
  4 giant cockroaches
  17 goblins
  10 hobgoblins
  6 jackals
  12 kobolds
  A quokka (D:4)
  9 ball pythons
  3 frilled lizards (D:1)
  5 rats
163 creatures vanquished.

Vanquished Creatures (collateral kills)
  An ogre (D:4)
  An adder (D:4)
2 creatures vanquished.

Grand Total: 165 creatures vanquished

Notes
Turn   | Place    | Note
-------+----------+-------------------------------------------
     0 | D:1      | GGreaSS the Kobold Enchanter began the quest for the Orb.
     0 | D:1      | Reached XP level 1. HP: 10/10 MP: 3/3
   202 | D:1      | Reached XP level 2. HP: 16/16 MP: 5/5
   208 | D:1      | Learned a level 2 spell: Ensorcelled Hibernation
   713 | D:1      | Reached XP level 3. HP: 11/20 MP: 0/6
  1015 | D:1      | Reached skill level 1 in Fighting
  2062 | D:2      | Reached skill level 1 in Ice Magic
  2062 | D:2      | Reached XP level 4. HP: 25/25 MP: 7/7
  2202 | D:2      | Found Rais's Distillery.
  2256 | D:2      | Bought a potion of heal wounds for 55 gold pieces
  2946 | D:3      | Reached XP level 5. HP: 29/29 MP: 9/9
  3128 | D:3      | Reached skill level 5 in Stealth
  3596 | D:3      | Noticed a phantom
  3665 | D:3      | Found a shimmering blue altar of Sif Muna.
  3894 | D:2      | Reached skill level 1 in Armour
  4058 | D:3      | Reached XP level 6. HP: 26/35 MP: 3/10
  4570 | D:4      | Noticed an ogre
  4585 | D:4      | Noticed a necrophage
  4731 | D:4      | Learned a level 3 spell: Confusing Touch
  4735 | D:4      | Learned a level 3 spell: Tukima's Dance
  4874 | D:2      | Bought a potion of brilliance for 44 gold pieces
  4948 | D:4      | Noticed Duvessa
  5389 | D:4      | Reached XP level 7. HP: 37/40 MP: 3/12
  5907 | D:4      | Noticed Robin
  5930 | D:4      | Killed Robin
  6043 | D:4      | Found a staircase to the Ecumenical Temple.
  6049 | Temple   | Entered the Ecumenical Temple
  6382 | Temple   | Became a worshipper of the Wu Jian Council
  6521 | D:4      | Noticed Dowan
  6542 | D:5      | Entered Level 5 of the Dungeon
  6549 | D:5      | Reached XP level 8. HP: 34/44 MP: 9/14
  6679 | D:5      | Reached skill level 5 in Hexes
  6693 | D:5      | Found Waech's Distillery.
  6858 | D:5      | Reached skill level 6 in Stealth
  7091 | D:5      | Reached skill level 5 in Spellcasting
  7562 | D:6      | Reached skill level 1 in Throwing
  7654 | D:6      | Reached XP level 9. HP: 49/49 MP: 17/17
  7754 | D:6      | Reached skill level 7 in Stealth
  8149 | D:6      | Learned a level 3 spell: Dazzling Flash
  8975 | D:6      | Reached skill level 1 in Conjurations
  9208 | D:2      | Bought 2 potions of heal wounds for 110 gold pieces
  9370 | D:7      | Reached skill level 8 in Stealth
 10234 | D:7      | Noticed Joseph
 10406 | D:7      | Reached * piety under Wu Jian
 10420 | D:7      | Noticed a two-headed ogre
 10435 | D:7      | Slain by a two-headed ogre

Illustrated notes

Levels and vault maps discovered:
D:1:      mushboom_english_gardens, layout_loops_corners, dk_noncrumbling_3
D:2:      layout_loops_ring, serial_shops, nicolae_shop_trees, moated_statue
D:3:      layout_rooms, mainiacjoe_overflow_six_doors_small
D:4:      layout_gridville, minmay_temple_entry_enclosed_plants,
          kennysheep_generic_room_14, uniq_robin, uniq_duvessa
D:5:      layout_rooms, serial_shops, shop
D:6:      layout_loops_corners
D:7:      layout_gridville, minmay_fractal_squares_gapless_5, uniq_joseph,
          uniq_maggie
Temple:   nicolae_temple_the_god_donut

Skill      XL: |  1  2  3  4  5  6  7  8  9 |
---------------+----------------------------+-----
Short Blades   | 2 3 |  3.9
Fighting       | 1 2 3 |  3.3
Ice Magic      | 1 2 3 4 |  4.0
Stealth        | 5 6 8 |  8.3
Spellcasting   | 3 4 5 6 |  6.0
Armour         | 1 2 |  2.0
Dodging        | 3 4 |  4.0
Hexes          | 4 5 6 |  6.3
Throwing       | 1 2 |  2.5
Conjurations   | 1 |  1.5

Action                   |  1- 3 |  4- 6 |  7- 9 || total
-------------------------+-------+-------+-------++-------
Melee: Dagger            |    76 |   106 |   122 ||   304
       Short sword       |       |       |    86 ||    86
Throw: Stone             |     1 |       |       ||     1
       Dart              |     7 |    25 |     2 ||    34
 Cast: Corona            |    10 |     3 |     5 ||    18
       Ensorcelled Hiber |    19 |    46 |    38 ||   103
       Confusing Touch   |       |     1 |    13 ||    14
       Tukima's Dance    |       |       |     6 ||     6
Invok: Lunge             |       |       |    32 ||    32
  Use: Scroll            |     3 |     4 |     2 ||     9
       Potion            |       |       |     6 ||     6
 Stab: Sleeping          |    29 |    37 |    39 ||   105
       Confused          |       |     1 |    12 ||    13
Armor: Robe              |     8 |     9 |     1 ||    18
       Leather armour    |       |     3 |    11 ||    14
Dodge: Dodged            |    53 |    61 |   104 ||   218
